[Event "*** Titled Tuesday Blitz"]
[Site "Chess.com"]
[Date "2018.12.04"]
[Round "1"]
[White "ChristopherYoo"]
[Black "jefferyx"]
[Result "0-1"]
[WhiteElo "2407"]
[BlackElo "2777"]
[TimeControl "180+2"]
[EndTime "13:07:54 PST"]
[Termination "jefferyx won by resignation"]

1. e4 c5 2. Nf3 d6 3. d4 Nf6 4. Nc3 cxd4 5. Nxd4 a6 6. f3 e5 7. Nb3 Be6 8. Be3 Nbd7 9. Qd2 h5 10. Nd5 Bxd5 11. exd5 Rc8 12. Rc1 g6 13. Be2 Ng8 14. O-O Bh6 15. f4 Ne7 16. fxe5 Bxe3+ 17. Qxe3 Nxe5 18. c4 Nf5 19. Qf4 b6 20. Nd2 Qh4 21. Qxh4 Nxh4 22. Ne4 Ke7 23. b4 Nf5 24. c5 bxc5 25.
bxc5 dxc5 26. Bxa6 Ra8 27. Nxc5 Rhd8 28. Rfd1 Rd6 29. Bb5 Rxa2 30. Ne4 Ne3 31. Nxd6 Rxg2+ 32. Kh1 Nf3 33. Rc7+ Kxd6 34. Rd7+ Kc5 35. Rc7+ Kd6 36. Rd7+ Ke5 37. Re7+ Kf6 38. Rxf7+ Kxf7 0-1

[Event "*** Titled Tuesday Blitz"]
[Site "Chess.com"]
[Date "2018.12.04"]
[Round "1"]
[White "Thjop"]
[Black "djano"]
[Result "1-0"]
[WhiteElo "2675"]
[BlackElo "2353"]
[TimeControl "180+2"]
[EndTime "13:07:54 PST"]
[Termination "Thjop won by resignation"]

1. e4 e5 2. Nf3 Nc6 3. Nc3 Nf6 4.
Bb5 Bb4 5. O-O O-O 6. d3 Bxc3 7.
bxc3 d6 8. Bg5 Qe7 9. Re1 Nd8 10. d4 Ne6 11. Bc1 c6 12. Bd3 Qc7 13. a4 Re8 14. a5 Rb8 15. Ng5 h6 16. Nxe6 Bxe6 17. h3 Rbd8 18. Be3 c5 19. d5 Bc8 20. Qf3 Nh7 21. Qg3 Kh8 22. c4 Rf8 23. f4 f5 24. fxe5 dxe5 25. exf5 Bxf5 26. Bxf5 Rxf5 27. Qg6 Rdf8 28. a6 b6 29. Rf1 Rxf1+ 30. Rxf1 Nf6 31. Bxh6 Rf7 32.
Bxg7+ Rxg7 33. Qxf6 e4 34. Rf4 e3 35. Qf8+ Kh7 36. Rh4+ Kg6 37. Rg4+ Kh7 38. Rxg7+ Qxg7 39. Qxg7+ 1-0

[Event "*** Titled Tuesday Blitz"]
[Site "Chess.com"]
[Date "2018.12.04"]
[Round "1"]
[White "nailbeshirli"]
[Black "AndrewDGreen"]
[Result "1-0"]
[WhiteElo "2576"]
[BlackElo "2238"]
[TimeControl "180+2"]
[EndTime "13:07:56 PST"]
[Termination "nailbeshirli won on time"]

1. e3 c5 2. Nf3 g6 3. d4 Bg7 4. dxc5 Na6 5. Bxa6 bxa6 6. O-O Nf6 7. Nc3 O-O 8. e4 Bb7 9. Qd3 Qc7 10. Be3 Rac8 11. Rad1 Rfd8 12. b4 d6 13. Qc4 Nxe4 14. Nxe4 d5 15. Qb3 dxe4 16. Nd4 Bd5 17. c4 Bb7 18. b5 e5 19. Ne2 f5 20. c6 Ba8 21. Rxd8+ Rxd8 22.
Rd1 f4 23. Bxa7 Rxd1+ 24. Qxd1 f3 25. Nc3 Qxa7 26. Qd5+ Qf7 27. b6 Qxd5 28. cxd5 fxg2 29. b7 Bxb7 30. cxb7 1-0

[Event "*** Titled Tuesday Blitz"]
[Site "Chess.com"]
[Date "2018.12.04"]
[Round "1"]
[White "Pilopa"]
[Black "Hrant_ChessMood"]
[Result "0-1"]
[WhiteElo "2448"]
[BlackElo "2941"]
[TimeControl "180+2"]
[EndTime "13:07:57 PST"]
[Termination "Hrant_ChessMood won on time"]

1. d4 Nf6 2. c4 g6 3. Nc3 Bg7 4. e4 d6 5. Nf3 O-O 6. Be2 c5 7.
O-O Re8 8. Bg5 h6 9. Be3 Ng4 10.
Bc1 Nf6 11. Be3 Nbd7 12. d5 e5 13. dxe6 Rxe6 14. Nd2 Re8 15. f3 Ne5 16. h3 g5 17.
Re1 Nh5 18. Nf1 Nf4 19. Qd2 Neg6 20. Nd5 Be5 21. b4 b6 22. Rad1 Be6 23. Nxf4 gxf4 24. Bf2 Kh7 25. Nh2 h5 26. bxc5 bxc5 27. Bf1 Rg8 28. Kh1 Qg5 29. Qe2 Nh4 30. Bxh4 Qxh4 31.
Rb1 Rg7 32. Red1 Rag8 33. Qe1 Qxh3 34. Qf2 Qg3 35. Rd2 Bd4 36. Qe1 Qh3 37. Qe2 Rg3 38. Qd1 Bxc4 39. Bxc4 Rxg2 0-1

[Event "*** Titled Tuesday Blitz"]
[Site "Chess.com"]
[Date "2018.12.04"]
[Round "1"]
[White "FMJoseHerrera"]
[Black "toog"]
[Result "0-1"]
[WhiteElo "2543"]
[BlackElo "2209"]
[TimeControl "180+2"]
[EndTime "13:07:57 PST"]
[Termination "toog won by resignation"]

1. Nf3 c5 2. g3 Nc6 3. Bg2 g6 4. d4 cxd4 5. Nxd4 Bg7 6. Nxc6 bxc6 7. O-O Nf6 8. c3 O-O 9. Bg5 Rb8 10. b3 d5 11. Nd2 Re8 12. Qc2 h6 13. Be3 a5 14.
Bc5 Ba6 15. Rfe1 Nd7 16. Ba7 Ra8 17. Be3 e5 18. Nf3 a4 19. Red1 Qc7 20. h4 Nf6 21. Bc5 Ne4 22. Ba3 Qb6 23. e3 axb3 24. axb3 Nc5 25. Bxc5 Qxc5 26. b4 Qb6 27. h5 e4 28.
Nd4 Bxd4 29. exd4 g5 30. Bf1 Bxf1 31. Kxf1 Qb7 32. Kg2 Rxa1 33. Rxa1 Ra8 34. Qb2 Rxa1 35. Qxa1 Kg7 36. Qa5 f5 37. Qc5 Qd7 38. Qb6 f4 39.
Qb8 f3+ 40. Kh2 Qf7 41. Qe5+ Kh7 42. g4 Qf4+ 43. Kh3 Qxe5 44. dxe5 Kg7 45. Kh2 Kf7 46. Kg1 Ke6 47. Kf1 Kxe5 48. Ke1 Kd6 49. Kd2 Kc7 50. Ke3 Kb6 51. Kd4 Kb5 52. Ke3 c5 53.
bxc5 Kxc5 54. Kd2 Kc4 55. Kc2 d4 56. cxd4 Kxd4 57. Kd2 e3+ 58. fxe3+ Ke4 59. Ke1 Kxe3 60.
Kf1 Kf4 61. Kf2 Kxg4 0-1

[Event "*** Titled Tuesday Blitz"]
[Site "Chess.com"]
[Date "2018.12.04"]
[Round "1"]
[White "Alopekos"]
[Black "GMWSO"]
[Result "1-0"]
[WhiteElo "2480"]
[BlackElo "2980"]
[TimeControl "180+2"]
[EndTime "13:07:58 PST"]
[Termination "Alopekos won by resignation"]

1. e4 c5 2. Nf3 d6 3. d4 cxd4 4. Nxd4 Nf6 5. Nc3 a6 6. Be3 e5 7. Nb3 Be6 8. f4 exf4 9. Bxf4 Nc6 10. Qd2 d5 11. O-O-O Bb4 12. Qd3 dxe4 13. Nxe4 Nd5 14. Qg3 O-O 15. Bh6 g6 16. c4 Qc8 17. Rxd5 Bxd5 18. Nf6+ Kh8 19. Qh4 Rd8 20. Nxd5 Qe6 21. Bg5 Rd7 22. Bd3 Ne5 23. Bf6+ Kg8 24. Bxe5 Qxe5 25.
Nf6+ Kg7 26. Nxd7 Qe3+ 27. Kc2 Be7 28. Qe1 Qg5 29. Qe5+ Qxe5 30. Nxe5 Rd8 31. Rf1 Bf6 32. Ng4 Be7 33. Ne3 Bd6 34. g3 1-0

[Event "*** Titled Tuesday Blitz"]
[Site "Chess.com"]
[Date "2018.12.04"]
[Round "1"]
[White "PowerThinking2650"]
[Black "ckgchess"]
[Result "0-1"]
[WhiteElo "2252"]
[BlackElo "2589"]
[TimeControl "180+2"]
[EndTime "13:08:00 PST"]
[Termination "ckgchess won on time"]

1. e4 c5 2. Nf3 d6 3. Nc3 Nf6 4. g3 Nc6 5. Bg2 g6 6. O-O Bg7 7. d3 O-O 8. h3 e5 9. Be3 h6 10.
Qd2 Kh7 11. Nh2 Nd4 12. f4 Nh5 13. Bf2 f5 14. Nd5 fxe4 15. dxe4 Be6 16. c3 Bxd5 17. exd5 exf4 18. g4 f3 19. Bxd4 fxg2 20. Rxf8 Qxf8 21.
gxh5 cxd4 22. hxg6+ Kxg6 23. Qxg2+ Kh7 24. Rf1 Qe7 25. Qc2+ Kh8 26. Qg6 Rg8 27. Ng4 dxc3 28. Rf7 Qe1+ 29. Kg2 Qe2+ 30. Kh1 c2 0-1

[Event "*** Titled Tuesday Blitz"]
[Site "Chess.com"]
[Date "2018.12.04"]
[Round "1"]
[White "tteshan"]
[Black "AliKa2810"]
[Result "1/2-1/2"]
[WhiteElo "2114"]
[BlackElo "2497"]
[TimeControl "180+2"]
[EndTime "13:08:02 PST"]
[Termination "Game drawn by agreement"]

1. d4 Nf6 2. c4 g6 3. Nc3 Bg7 4. e4 d6 5. Be2 O-O 6. Bg5 Na6 7. Qd2 e5 8. dxe5 dxe5 9. Qxd8 Rxd8 10. Nd5 Rd6 11.
Bxf6 Bxf6 12. Nf3 Bg7 13. O-O-O Be6 14. Kb1 Rad8 15. Ng5 Bd7 16. h4 h6 17. Nf3 Kf8 18. Ne3 Be6 19. Rxd6 cxd6 20. Rd1 Nc5 21. Nd2 f5 22. exf5 gxf5 23. b4 Na4 24. Kc2 Rc8 25.
Kb3 b5 26. g4 Nb6 27. gxf5 Bf7 28. Ne4 Nxc4 29. Nxc4 bxc4+ 30. Kc2 d5 31. Nd6 Rd8 32. Nxf7 Kxf7 33. Rxd5 Rxd5 34. Bxc4 Kf6 35. Bxd5 Kxf5 36.
a4 h5 37. f3 Bf6 38. Bf7 Bxh4 39. Bxh5 e4 40. fxe4+ Kxe4 41. b5 1/2-1/2

[Event "*** Titled Tuesday Blitz"]
[Site "Chess.com"]
[Date "2018.12.04"]
[Round "1"]
[White "dyziotomi99"]
[Black "abubakrtagelsir"]
[Result "1-0"]
[WhiteElo "2607"]
[BlackElo "2278"]
[TimeControl "180+2"]
[EndTime "13:08:03 PST"]
[Termination "dyziotomi99 won by resignation"]

1. e4 d6 2. d4 Nf6 3. Nc3 g6 4. f4 Bg7 5. Nf3 c5 6. dxc5 Qa5 7. Bd3 Qxc5 8. Qe2 Bg4 9. Be3 Qa5 10. O-O Nc6 11.
h3 Bxf3 12. Qxf3 O-O 13. a3 Nd7 14. Bd2 Qb6+ 15. Kh1 Nc5 16. Nd5 Qd8 17. Bc3 e6 18. Bxg7 Kxg7 19. Nc3 Rc8 20. Rad1 Qb6 21. b3 Qa5 22. Nb1 Nxd3 23. Qxd3 Rfd8 24. c4 a6 25. b4 Qh5 26. Nc3 e5 27. Nd5 Nd4 28. fxe5 dxe5 29. c5 Rc6 30. Qg3 Rf8 31. Rd2 a5 32. Rdf2 axb4 33.
axb4 Ra6 34. Kh2 Re6 35. Nf6 Rxf6 36. Rxf6 Ne2 37. Qg4 Qxg4 38. hxg4 Nf4 39. Rb6 Rd8 40. Rf2 Rd4 41. Rxb7 Rxe4 42. c6 Rc4 43. b5 g5 44.
c7 Ne6 45. b6 e4 46. Rxf7+ Kg6 47. Re7 Kf6 48. Rxe6+ Kxe6 49. Rb8 e3 50. c8=Q+ Rxc8 51. Rxc8 1-0

[Event "*** Titled Tuesday Blitz"]
[Site "Chess.com"]
[Date "2018.12.04"]
[Round "1"]
[White "Ravan_02"]
[Black "chesstatour"]
[Result "1-0"]
[WhiteElo "2501"]
[BlackElo "2076"]
[TimeControl "180+2"]
[EndTime "13:08:03 PST"]
[Termination "Ravan_02 won on time"]

1. d4 c6 2. Nf3 d5 3. Bg5 h6 4. Bh4 Qb6 5. Qc1 Nf6 6. Bxf6 exf6 7. e3 Bf5 8. Nbd2 Nd7 9. a3 Be7 10. c4 dxc4 11. Nxc4 Qc7 12. Be2 O-O 13. O-O Rfd8 14.
Qc3 Nb6 15. Nxb6 Qxb6 16. Rac1 Rac8 17. b4 Ra8 18. Nd2 Bf8 19. Nc4 Qc7 20. Na5 Qd7 21.
Bc4 Rac8 22. Rfe1 Be6 23. Bxe6 fxe6 24. Qb3 Qd5 25. Qb2 b6 26. Nb3 e5 27. Red1 Qe6 28.
dxe5 Rxd1+ 29. Rxd1 fxe5 30. Qc2 c5 31. bxc5 Bxc5 32.
a4 Bxe3 33. Qe2 Qxb3 34. fxe3 Qxa4 35. Qf3 e4 36. Qg4 Rf8 37. h4 Qc2 38. Rd7 Qf2+ 39. Kh2 Qf6 40. Rxa7 Qe5+ 41. Kg1 Rd8 42. Qe2 Qd5 43.
Ra1 Qd3 44. Qf2 Rf8 45. Qg3 1-0

[Event "*** Titled Tuesday Blitz"]
[Site "Chess.com"]
[Date "2018.12.04"]
[Round "1"]
[White "jerom555888"]
[Black "Manukyan_Artak"]
[Result "1/2-1/2"]
[WhiteElo "2697"]
[BlackElo "2382"]
[TimeControl "180+2"]
[EndTime "13:08:05 PST"]
[Termination "Game drawn by repetition"]

1. Nf3 d5 2. g3 c6 3. Bg2 Nf6 4. O-O Bg4 5. Ne5 Bf5 6. d4 Nbd7 7. c4 e6 8. Qb3 Qb6 9. Nxd7 Nxd7 10. Nc3 Be7 11.
e4 dxe4 12. Nxe4 Qxb3 13. axb3 O-O 14. Be3 a6 15. Rfd1 Nf6 16. Nc5 Bxc5 17. dxc5 Rad8 18. b4 Be4 19. Bg5 Bxg2 20. Kxg2 h6 21. Bxf6 gxf6 22. Kf3 f5 23. Kf4 f6 24. h4 h5 25. Rd6 Rxd6 26. cxd6 Rd8 27. c5 Kf7 28. Re1 Re8 29. Ke3 e5 30. Kd3 Ke6 31. Kc4 Rg8 32. Rd1 Rg4+ 33.
Kb3 Kd7 34. Ka4 f4 35. Ka5 fxg3 36. fxg3 Rxg3 37. Rf1 Ke6 38. Kb6 Rg7 39. b5 axb5 40. Ra1 e4 41. Ra8 f5 42. Re8+ Kf6 43. Rf8+ Ke6 44. Re8+ Kf6 45. Rf8+ Ke6 46. Re8+ Kf6 47. Rf8+ 1/2-1/2

[Event "*** Titled Tuesday Blitz"]
[Site "Chess.com"]
[Date "2018.12.04"]
[Round "1"]
[White "Jooonaaas1996"]
[Black "c63_amg"]
[Result "0-1"]
[WhiteElo "2280"]
[BlackElo "2615"]
[TimeControl "180+2"]
[EndTime "13:08:05 PST"]
[Termination "c63_amg won by resignation"]

1. e4 c5 2. Nf3 d6 3. d4 cxd4 4. Nxd4 Nf6 5. f3 a6 6. c4 g6 7. Nc3 Bg7 8. Be3 O-O 9. Be2 Nc6 10. Qd2 Bd7 11. O-O Rc8 12. Rac1 Ne8 13. Nxc6 Bxc6 14. Nd5 e6 15. Nb6 Rc7 16. Rfd1 Be5 17. Bf1 Re7 18. b4 Nc7 19. a4 f5 20. exf5 gxf5 21. Bg5 Ne8 22.
Bxe7 Qxe7 23. b5 Bd7 24. Nxd7 Qxd7 25. Qe3 Qc7 26. f4 Bb2 27. Rc2 Qg7 28. Qxe6+ Kh8 29. Re2 h5 30. bxa6 bxa6 31. c5 Bd4+ 32. Kh1 dxc5 33.
Rd3 Nc7 34. Qc6 Rf6 35. Qb7 Ne6 36. Rxe6 Qxb7 37. Rxf6 Bxf6 38. Rf3 Qb1 39. h3 c4 40. Kh2 c3 0-1

[Event "*** Titled Tuesday Blitz"]
[Site "Chess.com"]
[Date "2018.12.04"]
[Round "1"]
[White "AkibaRubi"]
[Black "narutosmith"]
[Result "1-0"]
[WhiteElo "2568"]
[BlackElo "2219"]
[TimeControl "180+2"]
[EndTime "13:08:06 PST"]
[Termination "AkibaRubi won on time"]

1. d4 Nf6 2. Nf3 e6 3. Bf4 b6 4. e3 Bb7 5. Bd3 d6 6. O-O Nbd7 7. c4 g6 8. Nc3 Bg7 9. e4 h6 10. Qd2 Nh5 11. Be3 e5 12. Rad1 g5 13. dxe5 dxe5 14.
Bc2 Nf4 15. c5 Nxc5 16. Bxc5 Qxd2 17. Ba4+ c6 18. Rxd2 bxc5 19. Rfd1 O-O 20. Rd7 Rab8 21. Bb3 Bf6 22. Na4 Ne2+ 23. Kf1 Nd4 24. Nxc5 Bc8 25. Nxd4 exd4 26. Rxa7 Rd8 27. Bxf7+ Kh8 28. b3 Bg4 29. f3 Bc8 30. Ke2 Rb5 31. Rc1 d3+ 32. Nxd3 c5 33.
Rxc5 Rxc5 34. Nxc5 Bd4 35. Rc7 g4 36. Bd5 gxf3+ 37.
gxf3 Bh3 38. Nd3 Bf6 39. Nf4 1-0

[Event "*** Titled Tuesday Blitz"]
[Site "Chess.com"]
[Date "2018.12.04"]
[Round "1"]
[White "Panchenko_Dmitry"]
[Black "Vadim_Biliy"]
[Result "1-0"]
[WhiteElo "2536"]
[BlackElo "2156"]
[TimeControl "180+2"]
[EndTime "13:08:07 PST"]
[Termination "Panchenko_Dmitry won by resignation"]

1. e4 e5 2. Nf3 Nc6 3. Bc4 Bd6 4.
c3 Qf6 5. d3 h6 6. Bb3 Nge7 7.
Nbd2 Ng6 8. Nc4 Bc5 9. Be3 d6 10.
Qe2 Bg4 11. h3 Bxf3 12. Qxf3 Qxf3 13. gxf3 Nh4 14. Ke2 g5 15. Bxc5 dxc5 16. Ba4 f6 17. Bxc6+ bxc6 18. Rhg1 Ng6 19. Ke3 h5 20. Rad1 h4 21.
d4 cxd4+ 22. cxd4 O-O-O 23. dxe5 fxe5 24. Rxd8+ Rxd8 25. Rxg5 Nf4 26. Nxe5 Nxh3 27. Rh5 Re8 28. Nxc6 Kb7 29. Nb4 Rf8 30. Rxh4 Ng5 31. Rf4 Rh8 32.
Rf5 Ne6 33. Nd3 Kc6 34. Re5 Kd6 35. Rd5+ Ke7 36. Nf4 Nxf4 37. Kxf4 Rb8 38. b3 Rb6 39. Ra5 a6 40. Ke3 Rc6 41. f4 Rh6 42. e5 Rh3+ 43. Ke4 Rh2 44. Rxa6 Rxf2 45. f5 Re2+ 46. Kf4 Rf2+ 47. Ke4 Re2+ 48. Kd4 Rd2+ 49. Kc3 Re2 50. Re6+ Kd7 51. a4 Rf2 52. Rf6 Re2 53. e6+ Kd6 54.
Rf7 c5 55. Rd7+ Kc6 56. Rd3 Re5 57. Rf3 Kd6 58. f6 1-0

[Event "*** Titled Tuesday Blitz"]
[Site "Chess.com"]
[Date "2018.12.04"]
[Round "1"]
[White "ShadowJolteon"]
[Black "Rikikits"]
[Result "1-0"]
[WhiteElo "2405"]
[BlackElo "2718"]
[TimeControl "180+2"]
[EndTime "13:08:10 PST"]
[Termination "ShadowJolteon won on time"]

1. d4 Nf6 2. c4 c5 3. Nf3 cxd4 4.
Nxd4 e5 5. Nb5 d5 6. cxd5 Bc5 7.
N5c3 O-O 8. g3 Bf5 9. Bg2 e4 10. O-O Nbd7 11. Nd2 Re8 12. Nc4 a6 13. Be3 b5 14. Bxc5 Nxc5 15. Ne3 Bg6 16. Qd4 Qd6 17. Rfd1 Rac8 18. b4 Ncd7 19. a4 Qe5 20. Qxe5 Nxe5 21.
axb5 Rxc3 22. bxa6 Nfd7 23. d6 Rb3 24. a7 Ra8 25. Nd5 f5 26. Rdc1 Kf7 27. Nc7 Rxa7 28. Rxa7 Rxb4 29. f4 exf3 30. exf3 Rb6 31. f4 Nd3 32.
Rd1 N3c5 33. Na8 Ra6 34. Rxa6 Nxa6 35. Re1 Nac5 36. Bc6 Nb8 37. Re7+ Kf8 38. Bb5 Bf7 39. Rc7 1-0

[Event "*** Titled Tuesday Blitz"]
[Site "Chess.com"]
[Date "2018.12.04"]
[Round "1"]
[White "Perecke"]
[Black "M1711"]
[Result "0-1"]
[WhiteElo "1967"]
[BlackElo "2482"]
[TimeControl "180+2"]
[EndTime "13:08:11 PST"]
[Termination "M1711 won by resignation"]

1. e4 e5 2. Nf3 Nc6 3. Bb5 a6 4.
Ba4 Nf6 5. O-O Be7 6. Re1 b5 7. Bb3 O-O 8. a3 d6 9. c3 Be6 10. Ba2 Qd7 11. d4 Bxa2 12. dxe5 Nxe5 13. Nxe5 dxe5 14. Qxd7 Nxd7 15. Rxa2 Nc5 16. Be3 Rfd8 17. Nd2 Rd7 18. b4 Na4 19. c4 c6 20. cxb5 cxb5 21. Nb3 Nc3 22. Rc2 Nxe4 23. Bf4 exf4 24. Rce2 Nd6 25. Rxe7 Rxe7 26. Rxe7 Nc4 27. Nc5 Kf8 28. Re4 Nxa3 29. Rxf4 Nc4 30. Ne6+ Kg8 31. Nc7 Ra7 32. Rd4 g6 33. Rd8+ Kg7 34. Rd7 Kh6 35. Rxf7 Ne5 36. Re7 Nc6 37. Rd7 Nxb4 38. Re7 Nc6 39.
Rd7 b4 40. Rf7 b3 41. Nxa6 Rxf7 0-1

[Event "*** Titled Tuesday Blitz"]
[Site "Chess.com"]
[Date "2018.12.04"]
[Round "1"]
[White "ENEASZ"]
[Black "DishonorOnYourCow"]
[Result "1-0"]
[WhiteElo "2591"]
[BlackElo "2251"]
[TimeControl "180+2"]
[EndTime "13:08:12 PST"]
[Termination "ENEASZ won by resignation"]

1. e4 e5 2. Nf3 Nc6 3. Bc4 Bc5 4. c3 Nf6 5. d4 exd4 6. O-O Nxe4 7. cxd4 Be7 8. d5 Na5 9. Bd3 Nf6 10. Nc3 b6 11. Re1 O-O 12. Bg5 h6 13. Bf4 d6 14.
Nd4 Bd7 15. b4 Nb7 16. Nc6 Bxc6 17. dxc6 d5 18. cxb7 Rb8 19. Ba6 Bxb4 20. Qc2 d4 21. Nb5 Bxe1 22. Rxe1 Nd5 23. Bxc7 Nxc7 24. Qxc7 Qg5 25.
Qe5 Qd2 26. Nxa7 Qxa2 27. Qb5 Rxb7 28. Bxb7 Qxa7 29. Bd5 Qc7 30. g3 Qc3 31. Rd1 Rc8 32. Qb3 Qxb3 33. Bxb3 Rd8 34. f4 Kf8 35. Kf2 Ke7 36. Ke2 f5 37. Kd3 Rc8 38. Re1+ Kf8 39. Kxd4 Rd8+ 40. Bd5 g5 41. fxg5 hxg5 42. Re5 Kg7 43.
Rxf5 Kg6 44. g4 b5 45. Kc5 Rb8 46. Kb4 Rh8 47. Bf7+ Kg7 48. Bh5 Rb8 49. Rxg5+ Kh6 50. Rxb5 Rd8 51. h4 Rd4+ 52. Kc5 Rd2 53. Rb6+ Kg7 54.
g5 Rh2 55. Rb7+ Kg8 56. Rb4 Kg7 57. Kd6 Rd2+ 58. Ke5 Rh2 59. Kf5 Rf2+ 60. Ke5 Re2+ 61. Bxe2 1-0

[Event "*** Titled Tuesday Blitz"]
[Site "Chess.com"]
[Date "2018.12.04"]
[Round "1"]
[White "Kimster98"]
[Black "maziarbagheri"]
[Result "1-0"]
[WhiteElo "2571"]
[BlackElo "2233"]
[TimeControl "180+2"]
[EndTime "13:08:15 PST"]
[Termination "Kimster98 won by resignation"]

1. Nf3 Nf6 2. c4 c5 3. Nc3 g6 4. d4 Bg7 5. e4 cxd4 6. Nxd4 O-O 7. Be2 Nc6 8. Be3 d6 9. O-O Nxd4 10. Bxd4 Nd7 11.
Be3 a5 12. Qd2 Nc5 13. f3 Be6 14. Rab1 f5 15. exf5 Bxf5 16. Rbd1 Rc8 17. Nb5 Bd7 18. Nd4 Qe8 19. b3 b6 20. Rfe1 Qf7 21. Bf2 Be5 22.
Nc2 Qf6 23. Bd4 Bc6 24. Bxe5 dxe5 25. Qe3 e4 26. Nd4 exf3 27. Bxf3 Bxf3 28. Nxf3 Rce8 29. Qe5 Qxe5 30. Rxe5 Rf6 31. Rde1 e6 32. Rd1 Rf5 33. Rd6 Rb8 34. Re3 Kf8 35. Nd4 Rf6 36. Nxe6+ Nxe6 37. Rexe6 Rxe6 38. Rxe6 b5 39. c5 Rc8 40. Re5 b4 41. Kf2 Kf7 42. Ke3 Kf6 43. Kd4 Rd8+ 44. Rd5 Re8 45.
c6 Rc8 46. Kc5 Ke6 47. Rd2 1-0

[Event "*** Titled Tuesday Blitz"]
[Site "Chess.com"]
[Date "2018.12.04"]
[Round "1"]
[White "JonahWillow"]
[Black "BIG_Pirate"]
[Result "1-0"]
[WhiteElo "2682"]
[BlackElo "2361"]
[TimeControl "180+2"]
[EndTime "13:08:18 PST"]
[Termination "JonahWillow won by resignation"]

1. e4 d5 2. Nc3 dxe4 3. Nxe4 Nd7 4. Bc4 e6 5. Nf3 Ngf6 6. Neg5 Nb6 7. Bb3 h6 8. Nh3 Be7 9. O-O O-O 10. d4 c5 11.
dxc5 Bxc5 12. Nf4 Qxd1 13. Rxd1 Bd7 14. Ne5 Ba4 15. Nfd3 Be7 16. Be3 Nfd5 17. Bc5 Bxb3 18. axb3 Rfc8 19. Bxe7 Nxe7 20. c4 a6 21. Nb4 Rd8 22.
f3 Nf5 23. Nc2 Kf8 24. g4 Ne7 25. Kf2 Ke8 26. h4 Nd7 27. Nd3 Ng6 28. h5 Nge5 29. Nxe5 Nxe5 30. Nd4 Rd7 31. Ke3 Rad8 32. Rd2 Nc6 33.
Nxc6 Rxd2 34. Nxd8 Rxd8 35. f4 Rd6 36. b4 Ke7 37.
Ra5 Rb6 38. b5 axb5 39. c5 Ra6 40. Rxb5 Ra7 41. Ke4 Kd7 42. Rb6 Kc7 43. g5 Ra4+ 44. b4 Ra1 45. gxh6 gxh6 46. f5 Re1+ 47. Kd4 Re2 48.
fxe6 fxe6 49. Kd3 Re1 50. Kc4 Re4+ 51. Kb5 Re5 52. Rd6 Re4 53. Rd1 Re5 54. Rg1 Rxh5 55.
Rg7+ Kc8 56. Kb6 e5 57. Rg8+ Kd7 58. Kxb7 e4 59. c6+ Kd6 60. c7 Rb5+ 61. Ka6 1-0

[Event "*** Titled Tuesday Blitz"]
[Site "Chess.com"]
[Date "2018.12.04"]
[Round "1"]
[White "Keaton87"]
[Black "Quiet_Desperation"]
[Result "1-0"]
[WhiteElo "2531"]
[BlackElo "2141"]
[TimeControl "180+2"]
[EndTime "13:08:19 PST"]
[Termination "Keaton87 won by resignation"]

1. Nf3 Nf6 2. c4 e6 3. g3 Be7 4. Bg2 O-O 5. O-O d5 6. d4 c6 7. Qc2 b6 8. Rd1 Bb7 9. Nbd2 Nbd7 10. e4 dxe4 11. Nxe4 Nxe4 12. Qxe4 Nf6 13. Qc2 Qc8 14.
c5 Rd8 15. b3 Nd5 16. Bb2 Ba6 17. Ne5 f6 18. Nf3 Nb4 19. Qc3 Nd5 20. Qc1 Nb4 21. Ba3 bxc5 22. dxc5 Rxd1+ 23. Qxd1 Bxc5 24. Rc1 Bf8 25.
Nd4 Bb7 26. Bxb4 Bxb4 27. Nxc6 Qf8 28. Qd7 Bxc6 29. Rxc6 Rd8 30. Qxe6+ Kh8 31. Be4 Qg8 32. Kg2 Qxe6 33. Rxe6 Bc5 34. Rc6 Bb6 35. Rc2 g6 36. Bc6 f5 37. b4 Kg7 38. a4 Rd4 39. a5 Bd8 40. Rb2 f4 41. Kf3 fxg3 42. hxg3 g5 43. Be4 Bf6 44. Rb3 g4+ 45. Ke3 Rc4 46. b5 Bd4+ 47.
Kd3 Ra4 48. b6 axb6 49. axb6 1-0

[Event "*** Titled Tuesday Blitz"]
[Site "Chess.com"]
[Date "2018.12.04"]
[Round "1"]
[White "Mikhail_Golubev"]
[Black "BillForster"]
[Result "1-0"]
[WhiteElo "2475"]
[BlackElo "1718"]
[TimeControl "180+2"]
[EndTime "13:08:21 PST"]
[Termination "Mikhail_Golubev won by resignation"]

1. e4 c5 2. Nf3 a6 3. Nc3 b5 4. d4 cxd4 5. Nxd4 Bb7 6. Bd3 e6 7. O-O Nc6 8. Be3 Nge7 9. Nb3 Ng6 10. f4 Be7 11. a4 b4 12. Ne2 O-O 13. Qd2 Qc7 14. a5 Rfd8 15. Bb6 Qb8 16. Bxd8 Qxd8 17.
Kh1 Rc8 18. Nbd4 d5 19. Nxc6 Rxc6 20. Nd4 Rc8 21. e5 Bc5 22. Be2 Rc7 23. c3 bxc3 24. bxc3 Qa8 25. Qe3 Qa7 26. f5 exf5 27. Rxf5 Nf8 28. Raf1 Bc8 29. R5f4 Be6 30. Bd3 Rb7 31. Qg3 Rb2 32. h4 Qe7 33. h5 h6 34. Qf3 Bxd4 35. cxd4 Qg5 36. Bxa6 Rd2 37. Bd3 Bf5 38. Bxf5 1-0

[Event "*** Titled Tuesday Blitz"]
[Site "Chess.com"]
[Date "2018.12.04"]
[Round "1"]
[White "MFBerna"]
[Black "SantoBlue"]
[Result "0-1"]
[WhiteElo "2375"]
[BlackElo "2705"]
[TimeControl "180+2"]
[EndTime "13:08:25 PST"]
[Termination "SantoBlue won by checkmate"]

1. e4 e5 2. Nf3 Nc6 3. Bb5 a6 4. Ba4 Nf6 5. O-O Be7 6. Re1 b5 7. Bb3 O-O 8. c3 d6 9. h3 Na5 10. Bc2 d5 11. d4 dxe4 12. Nxe5 c5 13. dxc5 Qc7 14. Bf4 Rd8 15. Qc1 Bxc5 16. Ng4 Qc6 17. b4 Bxg4 18. hxg4 Ba7 19. bxa5 Nxg4 20. Bg3 e3 21.
fxe3 Re8 22. Bf4 Qf6 23. Bg3 Rxe3 24. Rxe3 Bxe3+ 25. Qxe3 Nxe3 26. Be4 Qf1+ 27. Kh2 Ng4+ 28. Kh3 h5 29. Kh4 Qh1+ 30. Kg5 f6+ 31. Kf5 Qf1+ 32. Kg6 Qc1 33. Bd5+ Kh8 34. Kxh5 Qg5# 0-1

[Event "*** Titled Tuesday Blitz"]
[Site "Chess.com"]
[Date "2018.12.04"]
[Round "1"]
[White "vanyakuba"]
[Black "GMKrikor"]
[Result "0-1"]
[WhiteElo "2351"]
[BlackElo "2666"]
[TimeControl "180+2"]
[EndTime "13:08:25 PST"]
[Termination "GMKrikor won by resignation"]

1. e4 c5 2. c3 d5 3. exd5 Qxd5 4. d4 g6 5. Be3 cxd4 6. Qxd4 Qxd4 7. Bxd4 Nf6 8.
Bxf6 exf6 9. Nf3 Nc6 10. Nbd2 Be7 11. O-O-O O-O 12. Bd3 Rd8 13. Nb3 Be6 14. Rhe1 Kf8 15. Kb1 Bd5 16. h3 Rab8 17. Bc2 Ne5 18. Nbd4 Nxf3 19.
Nxf3 b5 20. Bb3 Ba8 21. Rxd8+ Rxd8 22. Rd1 Rxd1+ 23. Bxd1 Bc5 24. b4 Bxf2 25. a4 bxa4 26. Bxa4 g5 27. Bd7 Be4+ 28. Kb2 h6 29. c4 Ke7 30. Bc8 f5 31. Kb3 Be3 32. c5 h5 33.
Kc4 g4 34. hxg4 fxg4 35. Ne5 Bxg2 36. b5 g3 37. Nd3 h4 38. c6 h3 39. Bxh3 Bxh3 0-1

[Event "*** Titled Tuesday Blitz"]
[Site "Chess.com"]
[Date "2018.12.04"]
[Round "1"]
[White "Guenplen"]
[Black "nOcHeaTiNgKiD"]
[Result "1-0"]
[WhiteElo "2816"]
[BlackElo "2430"]
[TimeControl "180+2"]
[EndTime "13:08:26 PST"]
[Termination "Guenplen won by resignation"]

1. d4 Nf6 2. Bf4 d5 3. e3 e6 4. Nd2 Bd6 5. Bg3 O-O 6. Bd3 c5 7. c3 Qc7 8. dxc5 Qxc5 9. Ngf3 Nbd7 10. Qe2 a6 11. e4 dxe4 12. Nxe4 Nxe4 13. Bxe4 Nf6 14.
Bc2 b5 15. Rd1 Bxg3 16. hxg3 h6 17. Qe5 Qxe5+ 18. Nxe5 Bb7 19. f3 Rfd8 20. Kf2 Kf8 21. g4 Ke7 22. a3 Bd5 23. Nd3 a5 24. Rhe1 Rab8 25. Kg3 Rdc8 26. Bb1 Bb3 27. Rd2 Rd8 28. Rde2 Bc4 29. Ne5 Bxe2 30. Nc6+ Kd6 31. Nxd8 Rxd8 32. Rxe2 Kc5 33. Ba2 Rd1 34. b4+ axb4 35. axb4+ Kc6 36. c4 bxc4 37. Bxc4 Rd4 38. Rc2 Kb6 39. b5 Nd5 40. Be2 Nb4 41. Rc8 Nd3 42. Rb8+ Kc5 43. Bxd3 Rxd3 44. Rb7 g5 45. Rxf7 Rb3 46. Rf6 Kd5 47. Rxh6 Ke5 48. Rg6 1-0